[Event "Titled Tuesday Blitz June 6 Late 2023"]
[White "marik_spb"]
[Black "Sieciechowicz, Marcin"]
[BlackFideId "1130170"]
[WhiteElo "2413"]
[BlackElo "2301"]
[Result "0-1"]
[Round "2"]
[TimeControl "180+2"]
[Date "2023.06.07"]
[WhiteClock "0:00:02"]
[BlackClock "0:01:07"]
[Board "90"]

1. d4 d5 2. c4 c6 3. Nf3 Nf6 4. Nc3 e6 5. g3 dxc4 6. Bg2 b5 7. O-O Bb7 8. Ne5 a6 9. a4 Be7 10. axb5 axb5 11. Rxa8 Bxa8 12. Nxb5 cxb5 13. Bxa8 O-O 14. Bg2 Qb6 15. e3 Nfd7 16. Nxd7 Nxd7 17. Qc2 e5 18. dxe5 Nxe5 19. Bd2 h6 20. Bc3 Bf6 21. Bd4 Qe6 22. Ra1 Nd3 23. Bxf6 Qxf6 24. Bf1 Nxb2 25. Rb1 c3 26. Bxb5 Rd8 27. Qe4 Rd2 28. Rf1 c2 29. Ba4 c1=Q 30. Qa8+ Kh7 31. Qe4+ g6 32. Rxc1 Qxf2+ 33. Kh1 Qxh2# 0-1


[Site "https://www.chess.com"]

[Event "Titled Tuesday Blitz June 6 Late 2023"]
[White "Shuvalova, Polina"]
[Black "Vega Gutierrez, Sabrina"]
[WhiteFideId "24171760"]
[BlackFideId "2219026"]
[WhiteElo "2281"]
[BlackElo "2209"]
[Result "0-1"]
[Round "2"]
[TimeControl "180+2"]
[Date "2023.06.07"]
[WhiteClock "0:00:03"]
[BlackClock "0:00:18"]
[Board "91"]

1. Nf3 d5 2. g3 e6 3. Bg2 Nf6 4. O-O Be7 5. d3 O-O 6. Nbd2 c5 7. e4 Nc6 8. Re1 Qc7 9. c3 Rd8 10. Qe2 Bf8 11. h4 b5 12. e5 Nd7 13. Nf1 a5 14. Bf4 b4 15. c4 Nb6 16. Rac1 Bb7 17. Ne3 dxc4 18. dxc4 Nd4 19. Nxd4 cxd4 20. Bxb7 Qxb7 21. Ng4 d3 22. Qe4 Qxe4 23. Rxe4 Rac8 24. b3 a4 25. Rd1 axb3 26. axb3 Ra8 27. Be3 Nd7 28. Rxd3 Nc5 29. Rxd8 Rxd8 30. Bxc5 Bxc5 31. Re2 Rd3 32. Ne3 h5 33. Kg2 Rxb3 34. Kf3 Rc3 35. Ke4 Bxe3 36. fxe3 Rxc4+ 37. Kf3 Kh7 38. Rd2 Kg6 39. Rd7 Rc5 40. Rb7 Rc4 41. Kf2 f6 42. exf6 gxf6 43. Kf3 Kf5 44. Rb5+ e5 45. Rb6 e4+ 46. Kg2 Kg4 47. Rxf6 Rc2+ 48. Kf1 b3 49. Rf4+ Kxg3 50. Rxe4 b2 51. Rb4 Rc1+ 52. Ke2 b1=Q 53. Rxb1 Rxb1 0-1


[Site "https://www.chess.com"]

[Event "Titled Tuesday Blitz June 6 Late 2023"]
[White "Nazari, Arad"]
[Black "Van Foreest, Machteld"]
[WhiteFideId "12577324"]
[BlackFideId "1051563"]
[WhiteElo "2175"]
[BlackElo "2018"]
[Result "1-0"]
[Round "2"]
[TimeControl "180+2"]
[Date "2023.06.07"]
[WhiteClock "0:00:55"]
[BlackClock "0:00:52"]
[Board "92"]

1. e4 c5 2. Nf3 e6 3. b3 b6 4. d4 Bb7 5. Nbd2 Nf6 6. Bd3 cxd4 7. Nxd4 Nc6 8. Nxc6 Bxc6 9. O-O d5 10. Qe2 Be7 11. Bb2 O-O 12. c4 dxe4 13. Nxe4 Nxe4 14. Bxe4 Bxe4 15. Qxe4 Bf6 16. Rad1 Qe7 17. Bxf6 Qxf6 18. Rd7 Rfd8 19. Rfd1 h6 20. g3 Rac8 21. Qb7 a5 22. R1d3 Rb8 23. Qa7 Ra8 24. Qc7 Rac8 25. Rxd8+ 1-0


[Site "https://www.chess.com"]

[Event "Titled Tuesday Blitz June 6 Late 2023"]
[White "Rangel, Daniel"]
[Black "Hollan, Martin"]
[WhiteFideId "2124475"]
[BlackFideId "360937"]
[WhiteElo "2231"]
[BlackElo "2370"]
[Result "0-1"]
[Round "2"]
[TimeControl "180+2"]
[Date "2023.06.07"]
[WhiteClock "0:00:16"]
[BlackClock "0:00:50"]
[Board "93"]

1. d4 g6 2. c4 Bg7 3. Nc3 f5 4. g4 fxg4 5. e4 c5 6. d5 d6 7. h3 b5 8. cxb5 a6 9. bxa6 Bxa6 10. hxg4 Bxf1 11. Kxf1 Nf6 12. g5 Nh5 13. Rxh5 gxh5 14. Qxh5+ Kf8 15. Nge2 Qe8 16. Qxe8+ Kxe8 17. Nf4 Bxc3 18. bxc3 Na6 19. Ne6 Kd7 20. f4 Nc7 21. f5 Nxe6 22. dxe6+ Kc6 23. Ke2 Ra4 24. Kd3 d5 25. e5 Re4 26. c4 Rxe5 27. Bb2 d4 28. Rf1 Rf8 29. Bc1 Rfxf5 30. Rh1 Rf3+ 31. Kc2 Rxe6 32. Rxh7 Re2+ 33. Kb1 Rf1 34. Rh6+ Kd7 35. g6 Ree1 36. g7 Rg1 37. Kb2 Rxg7 38. Rh5 Rg2+ 39. Kb1 Rgg1 40. Rxc5 Rxc1+ 41. Kb2 e6 42. a4 Kd6 43. Rb5 Rb1+ 44. Kc2 Rxb5 45. cxb5 Kc5 46. Kd3 e5 47. b6 Kxb6 48. Ke4 Re1+ 49. Kd5 Ka5 50. Kc4 Re3 0-1


[Site "https://www.chess.com"]

[Event "Titled Tuesday Blitz June 6 Late 2023"]
[White "Adury, Anant"]
[Black "Martins, Bruno Andre Leite"]
[WhiteFideId "30964687"]
[BlackFideId "1942255"]
[WhiteElo "2393"]
[BlackElo "2241"]
[Result "0-1"]
[Round "2"]
[TimeControl "180+2"]
[Date "2023.06.07"]
[WhiteClock "0:02:27"]
[BlackClock "0:02:28"]
[Board "94"]

1. c4 Nf6 2. Nc3 e5 3. Nf3 Nc6 4. e4 Bb4 5. d3 d6 6. a3 Bc5 7. Be2 a5 8. O-O h6 9. Be3 Nd7 10. d4 exd4 11. Nxd4 O-O 12. Nxc6 bxc6 13. Bxc5 Nxc5 14. b4 axb4 15. axb4 Rxa1 16. Qxa1 Ne6 17. b5 Nd4 18. Bd3 Qg5 19. bxc6 Bh3 20. g3 0-1


[Site "https://www.chess.com"]

[Event "Titled Tuesday Blitz June 6 Late 2023"]
[White "Fiorito, Joaquin"]
[Black "Sairam, Pranav"]
[WhiteFideId "180173"]
[BlackFideId "30951330"]
[WhiteElo "2199"]
[BlackElo "1918"]
[Result "1-0"]
[Round "2"]
[TimeControl "180+2"]
[Date "2023.06.07"]
[WhiteClock "0:00:11"]
[BlackClock "0:00:01"]
[Board "95"]

1. d4 d5 2. c4 e6 3. Nc3 Be7 4. Nf3 Nf6 5. Bf4 O-O 6. e3 b6 7. cxd5 Nxd5 8. Bg3 c5 9. Bd3 cxd4 10. exd4 Bb7 11. O-O Nd7 12. Qe2 N7f6 13. Ne5 Rc8 14. Rac1 Nb4 15. Bb1 Qxd4 16. Rfd1 Qc5 17. a3 Nc6 18. Nb5 Nd4 19. Nxd4 Qxc1 20. h4 Qh6 21. Re1 Rc1 22. f3 Bc5 23. Bf2 Rxe1+ 24. Qxe1 g6 25. b4 Bxd4 26. Bxd4 Nd5 27. Ng4 Qf4 28. Be4 f5 29. Be5 fxe4 30. Bxf4 Nxf4 31. fxe4 h5 32. Ne5 1-0


[Site "https://www.chess.com"]

[Event "Titled Tuesday Blitz June 6 Late 2023"]
[White "Hoffmann, Asa"]
[Black "Melikyan, Gnel"]
[WhiteFideId "2001470"]
[BlackFideId "54109990"]
[WhiteElo "2117"]
[BlackElo "2138"]
[Result "0-1"]
[Round "2"]
[TimeControl "180+2"]
[Date "2023.06.07"]
[WhiteClock "0:00:40"]
[BlackClock "0:00:20"]
[Board "96"]

1. d4 Nf6 2. Bg5 g6 3. Nc3 Bg7 4. e4 d6 5. f3 O-O 6. Qd2 c6 7. O-O-O Re8 8. Bh6 Bh8 9. h4 Qa5 10. h5 Nxh5 11. Nge2 e5 12. Kb1 exd4 13. Nxd4 Ng3 14. Nb3 Qc7 15. Rg1 Nxf1 16. Rgxf1 Be6 17. Bf4 Be5 18. Rh1 f6 19. Be3 Nd7 20. f4 Bxc3 21. Qxc3 Bxb3 22. axb3 Rxe4 23. Bd4 Rf8 24. g3 d5 25. Bc5 Rfe8 26. Rdf1 b6 27. Bf2 Qd6 28. g4 c5 29. Bg3 d4 30. Qc4+ Qe6 31. Qa6 Qxg4 32. Qxa7 Nf8 33. Rfg1 Qe6 34. f5 Qxf5 35. Qxb6 Re2 36. Rc1 d3 37. Rhf1 dxc2+ 38. Ka2 Ra8+ 0-1


[Site "https://www.chess.com"]

[Event "Titled Tuesday Blitz June 6 Late 2023"]
[White "Martic, Ivan"]
[Black "Djabri,Massinas"]
[WhiteFideId "929301"]
[BlackFideId "7905726"]
[WhiteElo "2346"]
[BlackElo "2194"]
[Result "1-0"]
[Round "2"]
[TimeControl "180+2"]
[Date "2023.06.07"]
[WhiteClock "0:01:20"]
[BlackClock "0:00:28"]
[Board "97"]

1. e4 c5 2. Nf3 d6 3. d4 cxd4 4. Nxd4 Nf6 5. f3 e5 6. Nb3 a5 7. c4 a4 8. N3d2 Nc6 9. Nc3 Nd4 10. Bd3 Bd7 11. O-O Be7 12. Nd5 Nxd5 13. exd5 Bg5 14. Ne4 Bxc1 15. Rxc1 Qb6 16. Kh1 O-O 17. Qd2 f5 18. c5 dxc5 19. Nxc5 Bc8 20. f4 Ra5 21. Qc3 e4 22. Bxe4 fxe4 23. Qxd4 Bg4 24. h3 Be2 25. Rfe1 Bd3 26. d6 Kh8 27. d7 Rd8 28. Qxd3 Rxc5 29. Rxc5 Qxc5 30. Qxe4 1-0


[Site "https://www.chess.com"]

[Event "Titled Tuesday Blitz June 6 Late 2023"]
[White "Pavlidou, Ekaterini"]
[Black "Gubajdullin, Alexei"]
[WhiteFideId "4213262"]
[BlackFideId "4141202"]
[WhiteElo "2126"]
[BlackElo "2279"]
[Result "0-1"]
[Round "2"]
[TimeControl "180+2"]
[Date "2023.06.07"]
[WhiteClock "0:01:28"]
[BlackClock "0:01:28"]
[Board "98"]

1. d4 d5 2. c4 c6 3. Nf3 Nf6 4. Nc3 a6 5. c5 Nbd7 6. e3 Qc7 7. Na4 e5 8. Qb3 e4 9. Nd2 g6 10. Nb6 Nxb6 11. cxb6 Qd6 12. a4 a5 13. f3 Qb4 14. Ra3 exf3 15. gxf3 Nd7 16. Qd3 Qxb6 17. Rb3 Qc7 18. e4 Bg7 19. exd5 O-O 20. dxc6 bxc6 21. Be2 Ba6 22. Nc4 Rad8 23. Be3 Nc5 24. dxc5 Rxd3 25. Bxd3 Qe7 26. Kf2 Bxc4 27. Bxc4 Qh4+ 0-1


[Site "https://www.chess.com"]

[Event "Titled Tuesday Blitz June 6 Late 2023"]
[White "Spichkin, Alexander"]
[Black "Kuzhilniy, Oleksandr"]
[WhiteFideId "4144074"]
[BlackFideId "34110500"]
[WhiteElo "1986"]
[BlackElo "2074"]
[Result "0-1"]
[Round "2"]
[TimeControl "180+2"]
[Date "2023.06.07"]
[WhiteClock "0:00:56"]
[BlackClock "0:00:15"]
[Board "99"]

1. f4 f5 2. e4 d6 3. Bc4 g6 4. Nc3 Bg7 5. Nf3 Nh6 6. Ng5 c6 7. Ne6 Bxe6 8. Bxe6 Qa5 9. a3 Bxc3 10. dxc3 fxe4 11. g4 Nd7 12. f5 Nf7 13. fxg6 hxg6 14. Bxf7+ Kxf7 15. Rf1+ Kg7 16. Bf4 Raf8 17. Qd2 g5 18. Bxg5 Rxf1+ 19. Kxf1 Ne5 20. Qd4 Rxh2 21. Kg1 Rxc2 22. Bxe7 Kf7 23. Qxd6 Nf3+ 24. Kf1 Qb5+ 25. c4 Qxc4+ 26. Qd3 Qxd3# 0-1


[Site "https://www.chess.com"]

[Event "Titled Tuesday Blitz June 6 Late 2023"]
[White "Kohler, Aran"]
[Black "Bagrationi, Alexander"]
[WhiteFideId "1002856"]
[BlackFideId "14104954"]
[WhiteElo "2314"]
[BlackElo "2366"]
[Result "1-0"]
[Round "2"]
[TimeControl "180+2"]
[Date "2023.06.07"]
[WhiteClock "0:00:14"]
[BlackClock "0:01:20"]
[Board "100"]

1. d4 Nf6 2. c3 b6 3. Bg5 Bb7 4. Nd2 d5 5. e3 Nbd7 6. f4 h6 7. Bh4 g5 8. fxg5 hxg5 9. Bxg5 Ne4 10. Nxe4 dxe4 11. Nh3 f6 12. Be2 Bd5 13. Bh5+ Rxh5 14. Qxh5+ Bf7 15. Qh7 Qc8 16. O-O Qb7 17. Bh6 Bxh6 18. Qxh6 O-O-O 19. Qg7 Rf8 20. a4 Qd5 21. a5 b5 22. Qh6 Rg8 23. Qf4 a6 24. Kh1 Be6 25. Ng1 Rg4 26. Qf2 Qh5 27. h3 Qh6 28. Qe2 Rg3 29. Kh2 Qh4 30. Qf2 Rg4 31. Qxh4 Rxh4 32. Rf4 Rxf4 33. exf4 Bc4 34. g4 c5 35. dxc5 Nxc5 36. Re1 Bd3 37. h4 Kd7 38. h5 Ke6 39. Nh3 f5 40. g5 Kf7 41. g6+ Kf6 42. Rg1 Ne6 43. h6 e3 44. g7 Nxg7 45. hxg7 Bc4 46. g8=Q Bxg8 47. Rxg8 e2 48. Rg1 e5 49. Re1 exf4 50. Nxf4 Ke5 51. Kg3 Kd6 52. Rxe2 Kc5 53. Re5+ Kc4 54. Rxf5 Kb3 55. Rf6 Kxb2 56. Rxa6 Kxc3 57. Rb6 Kb4 58. a6 Ka5 59. a7 Kxb6 60. a8=Q Kc5 61. Qb8 Kc4 62. Qe5 b4 63. Ne2 Kd3 64. Qd4+ Kc2 65. Qxb4 Kd1 66. Nd4 Kc1 67. Qe1+ Kb2 68. Qe3 Kb1 69. Qe2 Ka1 70. Qd2 Kb1 71. Qc2+ Ka1 72. Nb3# 1-0


[Site "https://www.chess.com"]

[Event "Titled Tuesday Blitz June 6 Late 2023"]
[White "Herman, Daniel"]
[Black "Nakamura, Hikaru"]
[WhiteFideId "30935008"]
[BlackFideId "2016192"]
[WhiteElo "1897"]
[BlackElo "2874"]
[Result "0-1"]
[Round "2"]
[TimeControl "180+2"]
[Date "2023.06.07"]
[WhiteClock "0:00:07"]
[BlackClock "0:01:15"]
[Board "101"]

1. d4 g6 2. e4 d6 3. Bc4 a6 4. a4 Bg7 5. Nf3 h6 6. Qe2 Bg4 7. h3 Bxf3 8. Qxf3 e6 9. c3 Nd7 10. a5 Ne7 11. Be3 c5 12. Nd2 cxd4 13. cxd4 O-O 14. O-O Nc6 15. Nb3 Rc8 16. Rfc1 e5 17. Qd1 exd4 18. Nxd4 Nf6 19. Nxc6 Rxc6 20. Bd5 Nxd5 21. exd5 Rxc1 22. Qxc1 Kh7 23. Qd2 Qd7 24. Rc1 Qb5 25. Bb6 Re8 26. Re1 Qxb2 27. Qd1 Rxe1+ 28. Qxe1 Bd4 29. Bxd4 Qxd4 30. Qe7 Qxd5 31. Qf6 Qe6 32. Qd8 d5 33. h4 Qe1+ 34. Kh2 Qxf2 35. Qxd5 Qxh4+ 36. Kg1 Qe1+ 37. Kh2 Qe7 38. Kg1 h5 39. Kh2 f6 40. Kg1 Qe1+ 0-1


[Site "https://www.chess.com"]

[Event "Titled Tuesday Blitz June 6 Late 2023"]
[White "Kozelov, Roman"]
[Black "Zhigalko, Sergei"]
[WhiteFideId "14133377"]
[BlackFideId "13502956"]
[WhiteElo "2149"]
[BlackElo "2626"]
[Result "0-1"]
[Round "2"]
[TimeControl "180+2"]
[Date "2023.06.07"]
[WhiteClock "0:00:16"]
[BlackClock "0:01:07"]
[Board "102"]

1. e4 c5 2. Nf3 Nc6 3. Bb5 Nf6 4. Bxc6 dxc6 5. Qe2 Bg4 6. O-O Qc7 7. Nc3 Nd7 8. Qe3 e5 9. h3 Bh5 10. Nh4 f6 11. d3 O-O-O 12. a3 Bf7 13. Ne2 b6 14. Ng3 g6 15. Bd2 c4 16. dxc4 Bxc4 17. Rfd1 Nc5 18. b3 Bf7 19. a4 Ne6 20. a5 b5 21. c4 b4 22. Ne2 Bc5 23. Qg3 g5 24. Nf5 Bh5 25. Bxb4 Bxb4 26. Rxd8+ Rxd8 27. Nc3 Nf4 28. Kh2 Rd3 29. f3 Bxc3 30. Rc1 Bxa5 0-1


[Site "https://www.chess.com"]

[Event "Titled Tuesday Blitz June 6 Late 2023"]
[White "Chigaev, Maksim"]
[Black "Kujawski, Adam"]
[WhiteFideId "4108116"]
[BlackFideId "1100920"]
[WhiteElo "2561"]
[BlackElo "2054"]
[Result "1-0"]
[Round "2"]
[TimeControl "180+2"]
[Date "2023.06.07"]
[WhiteClock "0:01:50"]
[BlackClock "0:00:06"]
[Board "103"]

1. d4 Nf6 2. c4 e6 3. g3 c5 4. d5 d6 5. Bg2 exd5 6. cxd5 g6 7. Nc3 Bg7 8. Nf3 O-O 9. O-O a6 10. a4 Re8 11. Bf4 Nh5 12. Bg5 Qc7 13. Qd2 Nd7 14. Rfc1 Rb8 15. Rab1 b5 16. axb5 axb5 17. b4 Ba6 18. bxc5 Nxc5 19. Nd4 b4 20. Na4 Bxd4 21. Qxd4 Bxe2 22. g4 Bxg4 23. Qxg4 Qa5 24. Nxc5 dxc5 25. d6 1-0


[Site "https://www.chess.com"]

[Event "Titled Tuesday Blitz June 6 Late 2023"]
[White "Rustemov, Alexander"]
[Black "Moore, Nicholas"]
[WhiteFideId "4119002"]
[BlackFideId "4303709"]
[WhiteElo "2847"]
[BlackElo "2425"]
[Result "1-0"]
[Round "2"]
[TimeControl "180+2"]
[Date "2023.06.07"]
[WhiteClock "0:00:10"]
[BlackClock "0:00:03"]
[Board "104"]

1. d4 d5 2. c4 c6 3. Nc3 Nf6 4. e3 e6 5. Nf3 Nbd7 6. Qc2 Bd6 7. Bd2 O-O 8. O-O-O dxc4 9. Bxc4 b5 10. Bd3 a5 11. e4 e5 12. dxe5 Nxe5 13. Nxe5 Bxe5 14. f4 Bxc3 15. Bxc3 Bg4 16. Be2 Qc8 17. Bxf6 Bxe2 18. Qxe2 gxf6 19. Rd6 f5 20. Rhd1 Re8 21. e5 Re6 22. Qc2 Rg6 23. g3 a4 24. a3 c5 25. R1d5 b4 26. Rxc5 Qb7 27. axb4 a3 28. bxa3 Rxa3 29. Qb2 Rxd6 30. Qxa3 Qh1+ 31. Kb2 Rd1 32. Qc3 Qxh2+ 33. Ka3 Rd8 34. Rc8 Rxc8 35. Qxc8+ Kg7 36. Qc3 Qe2 37. e6+ Kg6 38. exf7 Kxf7 39. Kb3 Kg6 40. Ka3 Kh5 41. Qb3 Kg4 42. b5 h5 43. Ka4 Qe4+ 44. Ka5 Qa8+ 45. Kb6 Qb8+ 46. Kc5 Qc7+ 47. Kb4 Qd6+ 48. Ka4 Qb6 49. Qd3 Qa7+ 50. Kb4 Qe7+ 51. Kb3 Qb7 52. Qc4 Qf3+ 53. Ka4 Qb7 54. Qc6 Qa7+ 55. Kb4 Qd4+ 56. Ka5 Qa7+ 57. Qa6 Qc7+ 58. Qb6 Qc3+ 59. Ka6 Qa3+ 60. Qa5 Qd6+ 61. b6 Kxg3 62. Qb5 Qb8 63. b7 h4 64. Qe5 Qf8 65. b8=Q Qa3+ 66. Kb7 Qb4+ 67. Kc8 Qf8+ 68. Kd7 Qf7+ 69. Qe7 Qd5+ 70. Qbd6 Qb7+ 71. Ke6 Qb3+ 72. Kxf5 Qc2+ 73. Kg5 h3 74. Qee5 h2 75. f5+ Kg2 76. Qxh2+ Kf1 77. Qh1+ Ke2 78. Qdh2+ Kd3 79. Qxc2+ Kxc2 80. f6 1-0


[Site "https://www.chess.com"]

[Event "Titled Tuesday Blitz June 6 Late 2023"]
[White "Arnold, Ken"]
[Black "Maksimovic, Bojan"]
[WhiteFideId "2056836"]
[BlackFideId "14408120"]
[WhiteElo "2423"]
[BlackElo "2457"]
[Result "1-0"]
[Round "2"]
[TimeControl "180+2"]
[Date "2023.06.07"]
[WhiteClock "0:00:06"]
[BlackClock "0:00:01"]
[Board "105"]

1. e4 g6 2. Nf3 Nf6 3. e5 Nh5 4. Be2 d6 5. exd6 cxd6 6. d4 Bg7 7. c3 O-O 8. O-O e5 9. Bg5 Qc7 10. Nbd2 Nc6 11. Nc4 Nf4 12. Bxf4 exf4 13. a4 d5 14. Na3 h6 15. Bd3 Be6 16. Re1 Rae8 17. Qd2 a6 18. h3 Bc8 19. Nc2 Na5 20. Ra3 Rxe1+ 21. Ncxe1 Re8 22. b4 Nc4 23. Bxc4 Qxc4 24. Nd3 g5 25. Nfe5 Qc7 26. Ra1 Bf5 27. a5 f6 28. Nf3 h5 29. Nc5 g4 30. Nh4 Bc8 31. Re1 Qd8 32. Rxe8+ Qxe8 33. Qxf4 Kh7 34. hxg4 hxg4 35. Nf5 Bf8 36. Qxg4 Bh6 37. Qf3 Bg5 38. Ne3 Kg6 39. g3 Bh3 40. Nd3 Qc8 41. Nf4+ Bxf4 42. gxf4 Bf5 43. Nxd5 Kf7 44. Qe3 Be6 45. Nb6 Qg8+ 46. Qg3 Qh7 47. d5 Qb1+ 48. Kh2 Bf5 49. Qe3 Be4 50. f3 Qc2+ 51. Kg3 Bf5 52. d6 Qd1 53. Qe7+ Kg6 54. Qe8+ Kg7 55. Qe7+ Kg6 56. Qe3 Qxd6 57. Nc8 Qd7 58. Ne7+ Kf7 59. Nxf5 Qxf5 60. Qe4 Qd7 61. c4 Qc7 62. Qd5+ Kg6 63. c5 Qg7 64. Kf2 Qh6 65. f5+ 1-0


[Site "https://www.chess.com"]

[Event "Titled Tuesday Blitz June 6 Late 2023"]
[White "Omariev, Maksim"]
[Black "Fernandez Guillen, Ernesto J."]
[WhiteFideId "4193423"]
[BlackFideId "3512428"]
[WhiteElo "2423"]
[BlackElo "2434"]
[Result "0-1"]
[Round "2"]
[TimeControl "180+2"]
[Date "2023.06.07"]
[WhiteClock "0:00:01"]
[BlackClock "0:02:06"]
[Board "106"]

1. e4 e5 2. Nf3 Nc6 3. Bb5 f5 4. d3 fxe4 5. dxe4 Nf6 6. Qd3 d6 7. O-O Bg4 8. h3 Bh5 9. Nc3 Be7 10. Ng5 Qd7 11. Nd5 a6 12. Ba4 b5 13. Bb3 Nd4 14. Re1 h6 15. Nxe7 Qxe7 16. Nf3 Bxf3 17. gxf3 Nh5 18. Kh2 Qh4 19. Rg1 Qxf2+ 20. Rg2 Nxf3+ 0-1


[Site "https://www.chess.com"]

[Event "Titled Tuesday Blitz June 6 Late 2023"]
[White "Cabarkapa, Novak"]
[Black "Przybylski, Wojciech"]
[WhiteFideId "943746"]
[BlackFideId "1117599"]
[WhiteElo "2404"]
[BlackElo "2228"]
[Result "0-1"]
[Round "2"]
[TimeControl "180+2"]
[Date "2023.06.07"]
[WhiteClock "0:00:02"]
[BlackClock "0:00:19"]
[Board "107"]

1. h4 e5 2. c3 d5 3. d4 e4 4. Bf4 Nc6 5. e3 a6 6. Nd2 h5 7. Be2 g6 8. f3 Be7 9. g3 Bf5 10. fxe4 dxe4 11. Nh3 Nf6 12. Nf2 Qd7 13. b4 b5 14. a4 Rb8 15. axb5 axb5 16. O-O Qd5 17. c4 Qd7 18. cxb5 Nxb4 19. Nc4 O-O 20. Ne5 Qe8 21. Bc4 Nfd5 22. Bh6 Kh7 23. Bxf8 Bxf8 24. Qd2 f6 25. Nc6 Nxc6 26. Bxd5 Rxb5 27. Bc4 Rb4 28. Be2 Bd6 29. Kg2 Qb8 30. Rfc1 Ne7 31. Rc2 c6 32. Rac1 Bxg3 33. d5 Nxd5 34. Rxc6 Bxf2 35. Rc7+ Nxc7 36. Qd6 Ne8 37. Qe7+ Kg8 38. Kxf2 Rb2 39. Rh1 Bg4 40. Qxe8+ Qxe8 0-1


[Site "https://www.chess.com"]

[Event "Titled Tuesday Blitz June 6 Late 2023"]
[White "Dedona, Mark"]
[Black "Somalianwarrior2006"]
[WhiteFideId "30920256"]
[WhiteElo "2074"]
[BlackElo "2745"]
[Result "0-1"]
[Round "2"]
[TimeControl "180+2"]
[Date "2023.06.07"]
[WhiteClock "0:00:15"]
[BlackClock "0:00:10"]
[Board "108"]

1. e4 c5 2. b3 Nf6 3. e5 Nd5 4. Bb2 e6 5. Nc3 Nxc3 6. dxc3 Nc6 7. f4 d5 8. Nf3 Rb8 9. Bb5 Bd7 10. O-O Be7 11. c4 a6 12. Bxc6 Bxc6 13. Qe2 b5 14. cxd5 Qxd5 15. Rad1 Qe4 16. Qxe4 Bxe4 17. Rd2 h5 18. Re1 Bd5 19. Kf2 h4 20. Rdd1 Kd7 21. Nd2 Kc6 22. Rc1 c4 23. Bd4 g5 24. f5 exf5 25. e6 fxe6 26. Bxh8 Rxh8 27. Nf3 Bc5+ 28. Ke2 g4 29. Ne5+ Kc7 30. bxc4 bxc4 31. c3 Rh6 32. Kf1 h3 33. g3 Rh8 34. Red1 Rf8 35. Ng6 Bg2+ 36. Ke1 Rf6 37. Nf4 Bf3 38. Rd2 Be3 39. Rdc2 Bxc1 40. Rxc1 e5 41. Nh5 Rd6 42. Ng7 f4 43. Ne8+ Kd7 44. Nxd6 Kxd6 45. Kf2 Kd5 46. gxf4 exf4 47. Rb1 Ke4 48. Rb6 Kd3 49. Rxa6 Kxc3 50. Rb6 Kd2 51. a4 c3 52. Rd6+ Kc2 53. a5 g3+ 54. hxg3 h2 55. Rh6 h1=Q 56. Rxh1 Bxh1 57. gxf4 Be4 58. f5 Bxf5 59. a6 Bc8 60. a7 Bb7 0-1


[Site "https://www.chess.com"]

[Event "Titled Tuesday Blitz June 6 Late 2023"]
[White "Kushko, Dmitriy"]
[Black "Buchenau, Frank"]
[WhiteFideId "14162261"]
[BlackFideId "4604350"]
[WhiteElo "2230"]
[BlackElo "2157"]
[Result "1-0"]
[Round "2"]
[TimeControl "180+2"]
[Date "2023.06.07"]
[WhiteClock "0:00:03"]
[BlackClock "0:00:02"]
[Board "109"]

1. Nf3 Nf6 2. g3 b6 3. Bg2 Bb7 4. O-O e6 5. c4 Be7 6. Nc3 O-O 7. Re1 Ne4 8. Nxe4 Bxe4 9. d3 Bb7 10. e4 c5 11. d4 cxd4 12. Nxd4 Nc6 13. e5 a6 14. Nxc6 Bxc6 15. Bxc6 dxc6 16. Qf3 Qd4 17. Re4 Qd7 18. Be3 f5 19. exf6 Bxf6 20. Qe2 c5 21. Rd1 Qc6 22. f3 Rad8 23. b3 Rxd1+ 24. Qxd1 Rd8 25. Qe2 Qd6 26. Bf2 Kf7 27. Kg2 h5 28. h4 g6 29. Re3 Bd4 30. Rd3 Qc6 31. Bxd4 cxd4 32. Rd1 b5 33. cxb5 axb5 34. Rd2 Qd5 35. Qd3 e5 36. Rc2 Rd7 37. b4 Ra7 38. a3 Rd7 39. Rc5 Qa2+ 40. Kf1 Qa1+ 41. Kg2 Qa2+ 42. Rc2 Qb1 43. Kf2 Qh1 44. Re2 Qh2+ 45. Kf1 Qxg3 46. Rc2 Qh3+ 47. Kf2 Qxh4+ 48. Kf1 Qh1+ 49. Kf2 Qh2+ 50. Kf1 Qf4 51. Kg2 g5 52. Rc6 Ke7 53. Qh7+ Kd8 54. Qg8+ Ke7 55. Qg7+ Kd8 56. Qg8+ Ke7 57. Re6# 1-0


[Site "https://www.chess.com"]

[Event "Titled Tuesday Blitz June 6 Late 2023"]
[White "Horvath, Dominik"]
[Black "zsizsi99"]
[WhiteFideId "1642561"]
[WhiteElo "2407"]
[BlackElo "2416"]
[Result "1-0"]
[Round "2"]
[TimeControl "180+2"]
[Date "2023.06.07"]
[WhiteClock "0:01:09"]
[BlackClock "0:00:16"]
[Board "110"]

1. e4 c5 2. Nf3 d6 3. d4 cxd4 4. Nxd4 Nf6 5. Nc3 a6 6. Bg5 Nbd7 7. Qe2 Qc7 8. O-O-O b5 9. Nd5 Nxd5 10. exd5 Bb7 11. Nf5 Ne5 12. f4 Bc8 13. fxe5 Bxf5 14. exd6 Qxd6 15. Qf2 Qg6 16. Bf4 Rc8 17. c3 Be4 18. Qa7 Qf6 19. Be3 Qd6 20. a4 g6 21. Qd4 Rg8 22. Qxe4 Bg7 23. axb5 f5 24. Qe6 Rxc3+ 25. bxc3 Qa3+ 26. Kd2 Qxc3+ 27. Ke2 Rf8 28. bxa6 f4 29. a7 Qc4+ 30. Rd3 Qa2+ 31. Rd2 Qa6+ 32. Qxa6 1-0


[Site "https://www.chess.com"]

[Event "Titled Tuesday Blitz June 6 Late 2023"]
[White "Pesotskiy, Mikhail"]
[Black "Daggupati, Balaji"]
[WhiteFideId "34164453"]
[BlackFideId "2090759"]
[WhiteElo "2131"]
[BlackElo "2713"]
[Result "0-1"]
[Round "2"]
[TimeControl "180+2"]
[Date "2023.06.07"]
[WhiteClock "0:01:25"]
[BlackClock "0:02:35"]
[Board "111"]

1. d4 d5 2. c4 dxc4 3. e3 e6 4. Bxc4 Nf6 5. Nf3 Be7 6. O-O a6 7. a4 O-O 8. Nc3 c5 9. Qe2 Nc6 10. Rd1 cxd4 11. exd4 Nb4 12. Bg5 h6 13. Bh4 b6 14. Re1 Bb7 15. Rad1 Nbd5 16. Ne5 Nf4 17. Qc2 Nxg2 18. Nxf7 Rxf7 19. Bxe6 Nxh4 20. Bxf7+ Kxf7 21. Qb3+ Kf8 0-1


[Site "https://www.chess.com"]

[Event "Titled Tuesday Blitz June 6 Late 2023"]
[White "Do Valle Cardoso, Lucas"]
[Black "Martin Barcelo, Carles"]
[WhiteFideId "2163144"]
[BlackFideId "24561444"]
[WhiteElo "2364"]
[BlackElo "2089"]
[Result "1-0"]
[Round "2"]
[TimeControl "180+2"]
[Date "2023.06.07"]
[WhiteClock "0:01:18"]
[BlackClock "0:00:06"]
[Board "112"]

1. e4 g6 2. d4 Bg7 3. Nc3 d6 4. Be3 Nc6 5. Qd2 e5 6. Nge2 exd4 7. Nxd4 Nf6 8. f3 O-O 9. O-O-O Nxd4 10. Bxd4 Be6 11. Kb1 Re8 12. h4 c5 13. Be3 d5 14. exd5 Nxd5 15. Nxd5 Qxd5 16. Qxd5 Bxd5 17. Bxc5 Rac8 18. Bb5 Red8 19. Be7 Re8 20. Bxe8 Rxe8 21. Rxd5 Rxe7 22. Rd8+ Bf8 23. a4 b6 24. h5 gxh5 25. Rxh5 Kg7 26. Rhd5 1-0


[Site "https://www.chess.com"]

[Event "Titled Tuesday Blitz June 6 Late 2023"]
[White "Gokerkan, Cem Kaan"]
[Black "Abduzhaparov"]
[WhiteFideId "6336760"]
[WhiteElo "2365"]
[BlackElo "2406"]
[Result "1-0"]
[Round "2"]
[TimeControl "180+2"]
[Date "2023.06.07"]
[WhiteClock "0:01:01"]
[BlackClock "0:01:31"]
[Board "113"]

1. a3 d6 2. c4 g6 3. Nf3 Bg7 4. Nc3 Nc6 5. h3 e5 6. d3 f5 7. Bg5 Nf6 8. e3 h6 9. Bxf6 Bxf6 10. Be2 Bg7 11. O-O O-O 12. Qc2 g5 13. Nd2 f4 14. b4 g4 15. Bxg4 Bxg4 16. hxg4 fxe3 17. fxe3 Qh4 18. Qd1 e4 19. Ndxe4 Rxf1+ 20. Qxf1 Be5 21. g3 Bxg3 22. Qg2 Be5 23. Rf1 Rf8 24. Rxf8+ Kxf8 25. d4 Qe1+ 26. Qf1+ Qxf1+ 27. Kxf1 Bg7 28. Nd5 a5 29. b5 Nxd4 30. exd4 c6 31. bxc6 bxc6 32. Nf4 d5 33. cxd5 cxd5 34. Ne6+ Kf7 35. Nxg7 dxe4 36. Nf5 Kg6 37. d5 h5 38. d6 1-0


[Site "https://www.chess.com"]